[Event "Polish Youth B18 Championship 2023"]
[Site "Jastrzebia Gora"]
[Date "2023.03.17"]
[Round "7.11"]
[White "Pisarek, Jan"]
[Black "Paprocki, Antoni"]
[Result "0-1"]
[ECO "C50"]
[WhiteElo "1931"]
[BlackElo "2255"]
[Annotator "TA"]
[PlyCount "68"]
[EventDate "2023.03.11"]
[EventType "swiss"]
[EventCountry "POL"]
[SourceTitle "playchess.com"]
[Source "ChessBase"]
[SourceQuality "1"]
[TimeControl "40/5400+30:1800+30"]

1. e4 e5 2. Nf3 Nc6 3. Bc4 Nf6 4. d3 Bc5 5. c3 d6 6. h3 a5 {[%emt 0:00:34] C54: Giuoco Piano: 4 c3 Nf6, main lines with 5 d4 and 5 d3.} 7. Nbd2 O-O 8. O-O h6 {[%emt 0:02:33] The position is equal.} 9. Re1 Be6 10. Bb3 Ba7 11. Bc2 {[%emt 0:03:15] outshines the older 11.Nf1.} Ne7 12. Nf1 c6 13. Ng3 Ng6 14. d4 Re8 15. a4 Qc7 16. Be3 Rad8 17. Qd2 {[%emt 0:15:15] [#]} Qe7 $146 ({Predecessor:} 17... Bb8 18. Rad1 d5 19. exd5 Bxd5 20. Bxg6 Bxf3 21. Bxf7+ Qxf7 22. gxf3 exd4 23. cxd4 Nd5 {0-1 Ragger,M (2687)-Nakamura,H (2746) Wch Rapid St Petersburg 2018 (2)}) 18. Rad1 Bb8 19. Qc1 b5 (19... Bc7 $14) 20. Nf5 Bxf5 21. exf5 Nf8 22. dxe5 dxe5 23. Bb6 (23. Nd2 $14) 23... Rxd1 $11 24. Qxd1 (24. Bxd1 e4 25. Nd2 (25. Bxa5 $2 Qd6 $19) 25... Qe5 $15) 24... e4 25. Nd2 (25. Bxa5 $2 Qa7 26. Bb4 Qc7 27. Bxe4 Nxe4 28. Bxf8 Kxf8 29. axb5 cxb5 $19) 25... Qd6 {[%emt 0:00:59] [#] aiming for ...Qh2+.} 26. Nf1 {[%emt 0:00:25] Dodges Qh2+} (26. Bxa5 $2 Qh2+ 27. Kf1 Qh1+ 28. Ke2 Qxg2 $19) 26... Qe5 27. Bd4 Qxf5 28. Bxf6 Qxf6 29. Rxe4 Rd8 (29... Rxe4 {keeps more tension.} 30. Bxe4 bxa4 31. Qxa4 Ba7) 30. Qe2 Ba7 31. Ne3 b4 32. Rc4 ({White should try} 32. cxb4 $16 axb4 33. Bb3 (33. Rxb4 Ne6 $16)) 32... Ne6 33. Rxc6 $2 (33. Qe1 $11) 33... Nd4 $1 $17 {[%emt 0:00:49][%mdl 64] [#] Discovered Attack, Double Attack} 34. Qa6 (34. cxd4 $2 {loses.} Qxc6 35. d5 Qe8 $19) ({Don't go for} 34. Bh7+ $2 Kh8 35. cxd4 Qxc6 $19) (34. Rxf6 $17 Nxe2+ 35. Kf1 Bxe3 36. Ra6) 34... Nxc6 {[%emt 0:00:32] Weighted Error Value: White=0.36/Black=0.15 (very precise)} 0-1

[Event "Polish Youth B18 Championship 2023"]
[Site "Jastrzebia Gora"]
[Date "2023.03.17"]
[Round "7.12"]
[White "Lis, Maksymilian"]
[Black "Kolodziejski, Piotr"]
[Result "1/2-1/2"]
[ECO "E48"]
[WhiteElo "1784"]
[BlackElo "2118"]
[Annotator "TA"]
[PlyCount "109"]
[EventDate "2023.03.11"]
[EventType "swiss"]
[EventCountry "POL"]
[SourceTitle "playchess.com"]
[Source "ChessBase"]
[SourceQuality "1"]
[TimeControl "40/5400+30:1800+30"]

1. d4 Nf6 2. c4 e6 3. Nc3 Bb4 4. e3 O-O 5. Bd3 d5 6. Nge2 dxc4 7. Bxc4 c5 8. a3 Bxc3+ 9. bxc3 Qc7 10. Bd3 b6 $1 {[%emt 0:03:06][%mdl 4] 10...b6 is the recent fashion.} 11. O-O Bb7 {[%emt 0:01:44] E49: Nimzo-Indian: Rubinstein: 5 Bd3 d5 6 a3 Bxc3+ 7 bxc3.} ({Resist} 11... c4 12. Bc2 $14) 12. Ng3 e5 13. e4 cxd4 {[%emt 0:08:09] White is slightly better.} 14. cxd4 Nbd7 {[%emt 0:08:46] [#]} (14... exd4 $14 15. Bb2 Nc6) 15. d5 $146 ({Predecessor:} 15. Nf5 exd4 16. Qf3 Rac8 17. Bf4 Qd8 18. Rfe1 Nc5 19. Bg5 Nxd3 20. Qxd3 Rc3 21. Qd1 {1-0 Diaz Rosas,J (2328)-Gaisinsky,A (2115) Titled Tuesday intern op 28th Jun Late blitz 2022 (1)}) 15... Nc5 16. Bb2 Nxd3 17. Qxd3 {[%emt 0:00:06] Nf5 is the strong threat.} Nd7 18. Rfc1 Nc5 19. Qd1 (19. Qe3 $16) 19... f6 (19... Rad8 $14) 20. a4 Rfc8 21. Ba3 g6 {[%emt 0:05:15] [#]} 22. a5 $1 Qd6 23. Qe2 {[%emt 0:19:57][%cal Oa5a6] And now a6! would win.} Rc7 24. Qe3 Rac8 25. axb6 axb6 26. Rcb1 f5 {[%emt 0:05:06][%mdl 64] Deflection} 27. exf5 {[%emt 0:00:04] aiming for Ne4.} Qxd5 28. f3 Nd7 (28... e4 $16) 29. Rd1 $18 Qf7 30. fxg6 hxg6 31. Ne4 ({White should try} 31. Rd6 $18) 31... Bxe4 $16 32. Qxe4 Rc4 33. Qd5 {[%emt 0:04:13] White is more active.} (33. Qe3 $16) 33... Qxd5 $14 34. Rxd5 Rd4 {[%emt 0:02:42] [#]} 35. Rd1 (35. Rxd4 $1 $16 exd4 36. Rd1) 35... Rxd1+ 36. Rxd1 {[%emt 0:00:04][%mdl 4096] Endgame KRB-KRN} Rc7 37. Rd5 Kf7 38. Rb5 (38. h3 $14 {was preferrable.}) 38... Ke6 $11 {[%emt 0:01:12] The position is equal.} 39. h4 Rc4 40. Rb4 Rxb4 41. Bxb4 {[%emt 0:01:43] KB-KN} Nf6 42. Kf2 b5 43. Ke2 Nd5 44. Bd2 Nf4+ 45. Kf1 Nd5 46. g4 e4 47. fxe4 Nf6 48. h5 {[%emt 0:02:48] h6 would be deadly.} gxh5 49. gxh5 Nxe4 50. h6 {[%emt 0:01:24] Strongly threatening h7.} Nxd2+ 51. Ke2 {[%emt 0:00:05][%cal Oh6h7] Black must now prevent h7!} Kf6 {[%emt 0:00:11] ( -> ...Ne4)} 52. Kxd2 (52. h7 $5 Kg7 $8 53. Kxd2 $11) 52... Kg6 53. Kc3 Kxh6 54. Kb4 Kh7 55. Kxb5 {[%emt 0:00:04] Black defended with fortune.   Weighted Error Value: White=0.17 (very precise) /Black=0.13 (very precise)} 1/2-1/2

[Event "Polish Youth B18 Championship 2023"]
[Site "Jastrzebia Gora"]
[Date "2023.03.17"]
[Round "7.13"]
[White "Dziendziel, Mateusz"]
[Black "Krasniewski, Szymon"]
[Result "1-0"]
[ECO "B40"]
[WhiteElo "2084"]
[BlackElo "1771"]
[Annotator "TA"]
[PlyCount "105"]
[EventDate "2023.03.11"]
[EventType "swiss"]
[EventCountry "POL"]
[SourceTitle "playchess.com"]
[Source "ChessBase"]
[SourceQuality "1"]
[TimeControl "40/5400+30:1800+30"]

1. e4 c5 2. Nf3 e6 3. d4 cxd4 4. Nxd4 Nf6 5. Nc3 Nc6 6. Nxc6 bxc6 7. e5 Nd5 8. Ne4 Bb7 9. c4 {[%emt 0:06:45] B45: Sicilian Four Knights.} Nb4 10. Bg5 Qb8 {[%emt 0:12:45] Black is weak on the dark squares} (10... Qc7 $11 {keeps the balance.} 11. Bf4 c5) 11. Nd6+ $1 $16 {[%emt 0:03:14] White is better.} Bxd6 12. exd6 c5 $1 {[%emt 0:01:50] [#] ...Be4 is the strong threat.} 13. Be3 $146 (13. a3 $16 {and life is bright.} Nc6 14. Be3) ({Predecessor:} 13. a3 Nc6 14. Be3 O-O 15. Bxc5 e5 16. Bd3 e4 17. Be2 f5 18. O-O Ne5 19. Qb3 {1-0 Rocha,W (2434)-Barbosa,E (2279) Mineiro-ch Varginha 2009 (9)}) 13... Be4 $19 14. f3 Nc2+ {[%emt 0:08:33][%mdl 64] Discovered Attack, Double Attack} 15. Kf2 Qxb2 16. fxe4 $2 (16. Be2 Qf6 17. Qc1) 16... Nxa1+ {[%emt 0:00:22][%mdl 64] Discovered Attack} (16... Qxa1 17. Qxa1 (17. Qxc2 Rb8 $11) 17... Nxa1 18. Bd3 $16 (18. Bxc5 Rb8 $17)) 17. Be2 Nc2 18. Bxc5 Rc8 (18... Qxa2 $2 19. Qb1 Qa5 20. Qb5 $19) (18... Qe5 $2 19. Qxc2 Qxc5+ 20. Kg3 $19) 19. Bxa7 Qxa2 20. Bb6 Rb8 21. c5 e5 (21... Qb2 $19 {Threatens to win with ...f5.} 22. Qd2 Qf6+ 23. Kg3 Qe5+ 24. Qf4 Qc3+ 25. Kf2 Qd4+ 26. Kg3 Qc3+ 27. Kf2 Nd4) 22. Qd2 $17 {[%emt 0:05:09] Rc1 would be deadly.} Qb2 (22... O-O $2 23. Rc1 $18) (22... Qa4 $142 $1 23. Qc3 O-O) 23. Rc1 Qd4+ 24. Qxd4 Nxd4 25. Ra1 O-O 26. Bg4 (26. Ra7 $17 {keeps fighting.} Ra8 27. Rxa8 (27. Rxd7 Ra2 $17) 27... Rxa8 28. Bg4 Ra2+ 29. Kg3) 26... f5 27. exf5 g6 (27... Nxf5 $17 {Hoping for ...Nh6+.} 28. Kg1 g6) 28. Ra7 $11 gxf5 (28... h5 $5 29. Bd1 Nxf5 30. Rxd7 Nxd6+ 31. Ke2 Ne4 32. Bb3+ Kh8 $11) 29. Bh5 f4 30. Bf3 {[%emt 0:01:53] Prevents Ra8.} (30. Rxd7 $11 e4 31. Ra7 e3+ 32. Kf1) 30... Nxf3 $15 31. Kxf3 {[%emt 0:00:01][%mdl 4096] Endgame KRR-KRB} Rbe8 $2 (31... Rf7 $15 {stays ahead.} 32. Ke4 Kg7 33. Kxe5 Re8+ 34. Kd5 Kf6) 32. Ke4 $1 $16 {[%emt 0:02:18] White has more active pieces.} (32. Rxd7 $6 e4+ 33. Kg4 e3 $11) 32... f3 33. gxf3 Rf4+ 34. Ke3 Rb4 $2 (34... Rf7 35. c6 dxc6 36. Rxf7 (36. d7 Ref8 $18) 36... Kxf7 37. d7 $18) (34... Rc4 $16) 35. Rxd7 $18 {[%emt 0:00:16][%cal Oc5c6] aiming for c6!} e4 {[%emt 0:00:11] [#]} 36. Rd8 $1 Rb3+ 37. Ke2 (37. Kd4 Kf7 38. fxe4 Rxd8 39. Bxd8 Ke6 $18) 37... exf3+ {[%emt 0:00:21] [#]} 38. Kf2 $2 ({White has to play} 38. Kf1 $1 $18 Rxd8 39. Bxd8 Rb1+ 40. Kf2) 38... Rxd8 (38... Kf7 $11 39. Rxe8 Kxe8) 39. Bxd8 $11 {[%emt 0:00:07] KR-KB} Kf7 40. c6 Ke6 41. d7 Rd3 42. Ba5 Ke7 43. h4 (43. d8=R Rxd8 44. Bxd8+ Kxd8 $11) 43... Rd5 44. Bb6 ({And not} 44. d8=R Rxd8 45. Bxd8+ Kxd8 $11) 44... Rd3 45. Bc7 ({Weaker is} 45. d8=R Rxd8 46. Bxd8+ Kxd8 $11) 45... Rd1 46. Kxf3 Rd3+ 47. Ke4 Rd1 48. Kf5 Rd5+ 49. Kg4 Rd1 50. Bb6 Rd5 51. d8=Q+ Rxd8 52. Bxd8+ Kxd8 53. Kg5 {[%emt 0:00:07] Never resign too early!   Weighted Error Value: White=0.49/Black=0.36} 1-0

[Event "Polish Youth B18 Championship 2023"]
[Site "Jastrzebia Gora"]
[Date "2023.03.17"]
[Round "7.14"]
[White "Budzisz, Adrian"]
[Black "Karut, Kacper"]
[Result "1/2-1/2"]
[ECO "D37"]
[WhiteElo "2069"]
[BlackElo "1904"]
[Annotator "TA"]
[PlyCount "95"]
[EventDate "2023.03.11"]
[EventType "swiss"]
[EventCountry "POL"]
[SourceTitle "playchess.com"]
[Source "ChessBase"]
[SourceQuality "1"]
[TimeControl "40/5400+30:1800+30"]

1. d4 d5 2. Nf3 Nf6 3. c4 e6 4. Nc3 Be7 5. e3 O-O 6. Bd3 Nbd7 7. O-O b6 8. Ne5 {[%emt 0:05:18] D37: Queen's Gambit Declined: 5 Bf4.} Bb7 {[%emt 0:11:43] Prevents Nc6} 9. f4 dxc4 10. Bxc4 {[%emt 0:00:06] Black has an edge.} c5 {[%emt 0:04:47] [#]} 11. Nxf7 $146 ({Predecessor:} 11. Ne2 cxd4 12. exd4 Rc8 13. Bd3 Qc7 14. Qe1 Rfd8 15. Qh4 Nf8 16. f5 Rxd4 17. Nxd4 Qxe5 {0-1 Buscar,M (2088)-Bazarov,K (2226) Titled Tuesday intern op 30th Nov blitz 2021 (8)}) 11... Kxf7 $19 (11... Rxf7 12. Bxe6 cxd4 13. exd4 $15) 12. f5 Kg8 13. fxe6 Nb8 (13... b5 $1 $19 14. Bxb5 Nb6) 14. d5 $11 Ba6 $1 15. Bxa6 Nxa6 16. e4 Nb4 (16... c4 $11 {keeps the balance.}) 17. a3 $16 Nxe4 {[%emt 0:04:23][%mdl 64] Deflection} 18. Rxf8+ (18. Nxe4 Qxd5 19. Rxf8+ Rxf8 20. Qxd5 Nxd5 $15) 18... Bxf8 19. Nxe4 (19. axb4 $16 Nxc3 20. bxc3) 19... Nxd5 $11 (19... Qxd5 20. Qf3 Qxe6 21. axb4 $16) 20. Ng5 (20. Bg5 $14 Be7 21. Qh5) 20... Qd6 (20... Nf6 {simplifies} 21. Bf4 c4 22. Qxd8 Rxd8 23. Nf3 Bc5+) 21. Qe2 {[%emt 0:11:36] [#]} (21. Qf3 $11 {remains equal.} Be7 22. Qf7+ (22. Qf5 Nf6 $15) 22... Kh8 23. Qf5 Bxg5 24. Bxg5) 21... Re8 $1 $17 22. Qh5 Nf6 23. Qf7+ Kh8 24. Be3 {[%emt 0:00:07][%cal Of7e8] Qxe8! is the strong threat.} Qb8 {[%emt 0:05:08] aiming for ...Re7.} (24... h6 $2 25. Qxe8 Nxe8 26. Nf7+ Kg8 27. Nxd6 Bxd6 28. b4 $18) 25. Rf1 {[%emt 0:05:57] [#]} (25. e7 $17 Rxe7 26. Bf4) 25... Re7 $1 $19 26. Rxf6 ({Don't blunder} 26. Bf4 $2 Qc8 27. Rd1 c4 $19) 26... Rxf7 27. Rxf7 {[%emt 0:00:05] Hoping for e7.} h6 28. Ne4 Qe8 (28... Kg8 $19 {White must now prevent ...Qe5.} 29. Rf5 Qd8) 29. Bxh6 $1 $11 {[%emt 0:00:16] The position is equal.} gxh6 (29... Qd8 {feels hotter.} 30. Nf6 Qd6 31. e7 Qd4+) 30. Rh7+ {[%emt 0:00:20][%mdl 64] Decoy} Kxh7 31. Nf6+ Kg6 32. Nxe8 {[%emt 0:00:05][%mdl 4096] Endgame KB-KN} Kf5 33. Nc7 Kf6 34. g4 Bd6 35. Ne8+ Ke7 36. Nxd6 Kxd6 {KP-KP} 37. Kf2 Kxe6 38. Ke3 Ke5 39. h4 (39. a4 $5) 39... a6 40. g5 (40. a4 $5) 40... hxg5 41. hxg5 {[%emt 0:00:33] K3P-K3P} Kf5 42. g6 {[%emt 0:00:05][%mdl 64] Deflection} Kxg6 {[%emt 0:00:02] K3P-KPP} 43. Ke4 c4 $1 44. Kd5 Kf5 $1 (44... b5 45. Kc6 Kf5 46. Kb6 Kg4 47. Kxa6 Kf5 48. Kxb5 Kf4 49. Kxc4) 45. Kc6 Ke4 $1 (45... b5 46. Kb6 Ke4 47. Kxa6 Kf5 48. Kxb5 Kg6 49. Kxc4 Kf7 50. a4) 46. Kxb6 Kd3 $1 47. Kc5 (47. Kxa6 $5 Kc2 $8 48. Kb5 Kxb2 49. Kxc4 Kxa3 $11) 47... Kc2 48. Kxc4 {[%emt 0:05:11] A fantastic game!   Weighted Error Value: White=0.30/Black=0.25 (precise)} 1/2-1/2

[Event "Polish Youth B18 Championship 2023"]
[Site "Jastrzebia Gora"]
[Date "2023.03.17"]
[Round "7.15"]
[White "Pieczulis, Blazej"]
[Black "Wilk, Igor"]
[Result "0-1"]
[ECO "D30"]
[WhiteElo "1784"]
[BlackElo "2058"]
[Annotator "TA"]
[PlyCount "80"]
[EventDate "2023.03.11"]
[EventType "swiss"]
[EventCountry "POL"]
[SourceTitle "playchess.com"]
[Source "ChessBase"]
[SourceQuality "1"]
[TimeControl "40/5400+30:1800+30"]

1. d4 d5 2. c4 e6 3. Nf3 Nf6 4. Bg5 Be7 5. Nc3 h6 6. Bh4 O-O 7. cxd5 exd5 8. e3 c6 9. Bd3 Nbd7 10. Qc2 Re8 11. Bg3 Nf8 12. O-O {[%emt 0:08:16] D36: Queen's Gambit Declined: Exchange Variation: Main line (5 Bg5 c6 6 Qc2).} Ne6 13. Rab1 a5 14. a3 {[%emt 0:01:33] [#] White is slightly better.} Bd7 $146 ({Predecessor:} 14... Bd6 15. Bh4 Nc7 16. h3 Bd7 17. e4 dxe4 18. Nxe4 Be7 19. Bxf6 gxf6 20. Ng3 Bf8 {1-0 Parligras,M (2560)-Vajda,A (2305) ROM-chT Oradea 2022 (5.10)}) 15. b4 b5 16. Ne5 Bf8 (16... Qc8 $14) 17. f4 (17. Bh4 $16 {[%cal Od3h7] Hoping for Bh7+!} Bd6 18. Bh7+ Kf8 19. Bf5) 17... Nc7 18. Bh4 Be7 19. h3 Rf8 20. g4 (20. bxa5 $16 Rxa5 21. Bxf6 Bxf6 22. a4) 20... Nfe8 21. g5 Nd6 22. Qg2 {[%emt 0:03:21][%cal Og5h6] And now gxh6! would win.} h5 {[%emt 0:02:53][%mdl 8192] [#]} (22... hxg5 $11 23. Bxg5 (23. fxg5 axb4 24. axb4 Ra3 $11) 23... axb4 24. axb4 (24. Bh6 Bf6 $17) 24... Ra3) 23. Qe2 $2 (23. f5 $1 $18 {[%cal Rf5f6] is the precise move to win.} f6 24. Nxd7 (24. gxf6 Bxf6 25. Bxf6 Rxf6 $16) 24... Qxd7 25. g6) 23... Bf5 $16 24. Nxc6 Qe8 25. Ne5 (25. Nxa5 {feels hotter.} Bxh3 26. Qxh5 g6 27. Qf3) 25... g6 26. Kh2 (26. Bxf5 $14 Nxf5 27. Bf2) 26... Bxd3 $11 27. Qxd3 Nc4 28. Nxc4 bxc4 29. Qd2 {[%emt 0:00:29] [#] Strongly threatening b5.} axb4 ({Black should play} 29... Nb5 $1 $11 30. Nxd5 Nxa3) 30. axb4 $14 {[%emt 0:00:02] b5 is the strong threat.} Qd7 31. Rf2 $2 (31. b5 $16) 31... Rfb8 {[%emt 0:00:45][%mdl 1024] Black has strong compensation.} 32. Na2 $2 (32. f5 $1 $15) 32... Nb5 {[%emt 0:01:06] White is weak on the light squares} 33. Qb2 (33. Nc3 $142 Qf5 34. Rb2) 33... Ra3 $19 {[%emt 0:00:40] Black is clearly winning.} 34. Re2 (34. Re1 $142 Rba8 35. Nc1) 34... Qf5 35. Be1 Rb3 36. Qxb3 cxb3 37. Rxb3 Bd6 38. Nc1 Qxg5 39. Nd3 Qe7 {[%emt 0:00:38] ...Nxd4 would be deadly.} 40. Bg3 Nxd4 {[%emt 0:00:00] What a bad dream for White.   Weighted Error Value: White=0.92/Black=0.36} 0-1

[Event "Polish Youth B18 Championship 2023"]
[Site "Jastrzebia Gora"]
[Date "2023.03.17"]
[Round "7.16"]
[White "Smetek, Michal"]
[Black "Syrkiewicz, Michal"]
[Result "1/2-1/2"]
[ECO "A40"]
[WhiteElo "1787"]
[BlackElo "2000"]
[Annotator "TA"]
[PlyCount "91"]
[EventDate "2023.03.11"]
[EventType "swiss"]
[EventCountry "POL"]
[SourceTitle "playchess.com"]
[Source "ChessBase"]
[SourceQuality "1"]
[TimeControl "40/5400+30:1800+30"]

1. d4 Nf6 2. c4 e6 3. g3 d5 4. Nf3 Bb4+ 5. Bd2 Be7 6. Bg2 c6 7. O-O O-O 8. Qc2 Nbd7 9. Bf4 a5 10. Nbd2 {[%emt 0:01:05] E08: Closed Catalan: Main Line: 7 Qc2.} b6 (10... Nh5 $11 {was preferrable.}) 11. e4 $14 dxe4 12. Nxe4 {[%emt 0:01:08] White is slightly better.} Nxe4 13. Qxe4 Ba6 14. Rac1 ({Don't play} 14. Qxc6 Rc8 15. Qe4 Nf6 $15) 14... Rc8 15. Rfd1 {[%emt 0:02:25] [#]} h6 $146 ({Predecessor:} 15... Nf6 16. Qc2 b5 17. Ne5 bxc4 18. Nxc6 Qd7 19. Qa4 Nd5 20. Nxe7+ Qxe7 21. Qxa5 Bb7 {0-1 Barp,A (2366)-Prithu,G (2472) Titled Tuesday intern op 01st Dec blitz 2020 (8)}) 16. Ne5 {[%emt 0:12:37] White has more active pieces.} Nxe5 17. Bxe5 Bg5 18. Rc3 b5 19. h4 b4 (19... Bf6 $142) 20. Rf3 $36 {[%emt 0:05:34][%mdl 2048] Black is under strong pressure.} f5 (20... Bf6 $16 {was called for.}) 21. Qe2 $18 Bf6 22. Re3 Re8 (22... Qd7 {was necessary.} 23. Bxf6 {[%mdl 64] Discovered Attack} Rxf6) 23. Bxf6 Qxf6 24. Re5 c5 25. Rxc5 (25. dxc5 Bxc4 26. Qe3 Bxa2 $14) 25... Rxc5 26. dxc5 Kh7 {[%emt 0:01:16] Black is weak on the light squares} 27. Rd6 Bc8 28. f4 Rd8 29. Qe5 Qe7 30. b3 Kg6 $2 (30... Rf8 31. Bf3 Re8) 31. Rxd8 Qxd8 {[%emt 0:00:08][%mdl 4096] Endgame KQB-KQB} 32. Qd6 Qf6 33. Kh2 Kh5 34. Qc7 Ba6 35. Qc6 g5 36. hxg5 hxg5 37. fxg5 $2 (37. Qxa6 $18 a4 38. Qd6 axb3 39. axb3) 37... Kxg5 $16 38. Qxa6 ({White should try} 38. Qe8 $16) 38... Qh8+ $11 {[%emt 0:00:09] The position is equal.} 39. Bh3 Qb2+ 40. Kg1 {[%emt 0:00:00] [#] Qd6 is the strong threat.} Qd4+ 41. Kh1 {[%emt 0:06:31] aiming for Qd6.} Qa1+ 42. Kh2 Qb2+ $1 43. Bg2 Qh8+ 44. Kg1 {[%emt 0:02:33][%cal Oa6d6] [#] Threatens to win with Qd6!} Qd4+ 45. Kh2 Qh8+ 46. Bh3 {[%emt 0:00:02] White really could win this.   Weighted Error Value: White=0.23 (precise) /Black=0.29 (precise)} 1/2-1/2

[Event "Polish Youth B18 Championship 2023"]
[Site "Jastrzebia Gora"]
[Date "2023.03.17"]
[Round "7.17"]
[White "Kotowicz, Kamil"]
[Black "Jedraszek, Pawel"]
[Result "0-1"]
[ECO "E73"]
[WhiteElo "1828"]
[BlackElo "1944"]
[Annotator "TA"]
[PlyCount "104"]
[EventDate "2023.03.11"]
[EventType "swiss"]
[EventCountry "POL"]
[SourceTitle "playchess.com"]
[Source "ChessBase"]
[SourceQuality "1"]
[TimeControl "40/5400+30:1800+30"]

1. d4 Nf6 2. c4 g6 3. Nc3 Bg7 4. e4 d6 5. Be2 O-O 6. Bg5 c5 7. d5 e6 8. Qd2 exd5 9. exd5 Re8 10. Nf3 Bg4 11. O-O Nbd7 12. Rae1 {[%emt 0:01:49] E75: King's Indian: Averbakh Variation: 6...c5 7 d5 e6.} a6 13. a4 Qb6 {[%emt 0:02:13] [#]} 14. Bxf6 $146 (14. Qc2 $11 {remains equal.}) ({Predecessor:} 14. h3 Bxf3 15. Bxf3 Rxe1 16. Rxe1 Ne5 17. Be2 Qb4 18. Bxf6 Bxf6 19. Ne4 Qxd2 20. Nxd2 {1-0 Hoang,T (2350)-Naiditsch,A (2255) Budapest FS04 GM 1998 (5)}) 14... Nxf6 $17 15. h3 {[%emt 0:02:45] [#]} Bxf3 16. Bxf3 Qb4 17. Be2 Ne4 {[%emt 0:03:42] Black is much more active.} 18. Nxe4 Rxe4 19. Qxb4 cxb4 {[%emt 0:00:02][%cal Bc5b4,Bb4b3,Bb3b2][%mdl 32] White is weak on the dark squares} 20. Bd3 Rxe1 21. Rxe1 Bxb2 {[%emt 0:00:12][%mdl 4096] Endgame KRB-KRB} 22. Re7 b6 23. g3 Bd4 (23... b3 $19 24. Kf1 Bc3) 24. Kg2 (24. Re4 $17 Be5 25. f4) 24... b3 $19 25. Re1 b2 26. Rb1 Rc8 27. h4 (27. Kf3 {is a better defense.}) 27... h5 28. Kf1 Bc3 29. Ke2 Re8+ 30. Kf3 a5 31. Rd1 Kg7 32. Bb1 Rc8 33. Bd3 Kf6 34. Ke4 Rc7 35. Kf4 Kg7 36. Kf3 Kg8 37. Rb1 Kg7 38. Rd1 $1 Rc5 39. Rb1 Kf8 40. Ke4 Ke7 41. f4 Kf6 42. Be2 Kg7 (42... Rc8 $19 {aiming for ...Re8+.} 43. Kd3 Re8 44. Bxh5 gxh5 45. Kxc3 Re2) 43. Bd3 (43. Kd3 $17 Bf6 44. Bf1) 43... Rc7 {[%emt 0:00:22] [#] Threatens to win with ...Re7+.} 44. Be2 Bf6 45. Bd3 $2 (45. Bf1) 45... Re7+ {[%emt 0:00:21] Black is clearly winning.} 46. Kf3 Bd4 {[%emt 0:00:21] ( -> ...Re3+)} 47. Kg2 Re3 48. Bf1 Ra3 49. Be2 Rxa4 50. Bd3 Ra3 51. Be2 Ra1 52. Bd3 a4 {Weighted Error Value: White=0.58/Black=0.26 (precise)} 0-1